AoeStats
← KnightOfHonor

Arena

510323795Analyzed
1v1 RM · 3d ago on Sep 30, 2026· 27m 54s· 2 players
Game mode
Random Map
Map size
Tiny (2 player)
Population
200
Speed
Normal
Resources
Standard
Victory
Conquest
Starting age
Dark Age
Ending age
Imperial Age
RankedLock teamsTeams togetherTeam positionsShared explorationLock speedFull tech treeHidden civsTurbo modeCheats
Victory
Defeat
🇪🇸 Portuguese · Spain
774
+16
🇺🇸 Saxons · United States
782
-16
Filipo
0:29 Loom
12:15 Feudal Age
18:09 Castle Age
17:59 Stone Mining
18:00 Double-Bit Axe
18:01 Horse Collar
21:43 Fletching
26:32 Bodkin Arrow
KnightOfHonor
3:59 Loom
10:47 Feudal Age
16:29 Double-Bit Axe
19:05 Castle Age
17:38 Horse Collar
17:55 Fletching
19:43 Stone Mining
21:31 Murder Holes
22:15 Squires
23:11 Bodkin Arrow
23:20 Gambesons
27:44 Scale Mail Armor
Connection lost

Rejoining the realm…

Still unreachable

The connection could not be restored.

Session expired

The server has moved on; the page needs a fresh start.